 Dungeon Crawl Stone Soup version 0.27-a0-1202-ge72e49191c (webtiles) character file.

Game seed: 12067181192868567858

334 hilljack the Skirmisher (level 6, 0/84 HPs)
             Began as a Minotaur Fighter on June 3, 2021.
             Succumbed to Edmund's poison
             ... on level 4 of the Dungeon on June 4, 2021.
             The game lasted 00:04:39 (2782 turns).

hilljack the Skirmisher (Minotaur Fighter)          Turns: 2782, Time: 00:04:40

Health: 0/84       AC: 23    Str: 20    XL:     6   Next: 27%
Magic:  5/5        EV:  2    Int:  5    God:
Gold:   88         SH: 10    Dex: 12    Spells: 5/5 levels left

rFire    . . .     SeeInvis .   a - +1 long sword
rCold    + . .     Faith    .   c - +0 kite shield
rNeg     + + +     Spirit   .   (armour currently unavailable)
rPois    +         Reflect  .   (helmet currently unavailable)
rElec    .         Harm     .   (cloak currently unavailable)
rCorr    .         Rampage  .   (gloves currently unavailable)
Will     .....     NoTele   +   (boots currently unavailable)
Stlth    +.........             (no amulet)
HPRegen  0.24/turn              j - ring of protection from cold
MPRegen  0.09/turn              (no ring)

@: lethally poisoned (0 -> -23), tree-form, hasted, very quick
A: stationary, stasis, torment immunity, boosted hp, (horns 2), (retaliatory
headbutt)
a: no special abilities


You were on level 4 of the Dungeon.
You were a tree.
You visited 1 branch of the dungeon, and saw 4 of its levels.

You collected 88 gold pieces.

Inventory:

Hand Weapons
 a - a +1 long sword (weapon)
Missiles
 e - a curare-tipped dart
 n - a throwing net (quivered)
Armour
 c - a +0 kite shield (worn)
 g - a +0 plate armour (melded)
 m - a +1 pair of gloves (melded)
Jewellery
 j - a ring of protection from cold (left branch)
Scrolls
 b - a scroll of identify
Potions
 d - a potion of might
 f - a potion of cancellation
 h - a potion of brilliance
 p - a potion of mutation
 q - a potion of attraction


   Skills:
 * Level 5.2 Fighting
 * Level 4.8 Long Blades
 + Level 4.7 Armour
 + Level 2.3 Dodging
 + Level 4.7 Shields


You had 5 spell levels left.
You didn't know any spells.
Your spell library contained the following spells:

 Spells                   Type           Power      Damage    Failure   Level
 Bolt of Magma            Conj/Fire/Erth 0%         4d4       100%        5
 Iskenderun's Battlesphe  Conj           0%         2d6       100%        5
 Iron Shot                Conj/Erth      0%         9d1       100%        6
 Orb of Destruction       Conj           0%         N/A       100%        7
 Spellforged Servitor     Conj/Summ      0%         N/A       100%        7


Dungeon Overview and Level Annotations

Branches:
Dungeon (4/15)
 Temple: D:4-7

Altars:

Annotations:
D:4 Edmund


Innate Abilities, Weirdness & Mutations

You are a tree.
Your roots penetrate the ground, keeping you stationary.
You cannot be teleported.
You are immune to unholy pain and torment.
Your maximum health is greatly increased.
Your equipment is partially melded.
((You have a pair of horns on your head.))
((You reflexively headbutt those who attack you in melee.))


Message History

You closely miss Edmund.
Edmund is moderately wounded.
You feel very sick. You block Edmund's attack.
You closely miss Edmund. You headbutt Edmund!
Edmund is heavily wounded.
You feel very sick.
Edmund hits you with a +2 dire flail of venom.
You are more poisoned.
Edmund hits you but does no damage.
You closely miss Edmund.
Edmund is heavily wounded.
* * * LOW HITPOINT WARNING * * *
You feel very sick.
Edmund hits you with a +2 dire flail of venom!
* * * LOW HITPOINT WARNING * * *
You are more poisoned.
Really quaff the potion of lignification?
You turn into a tree.
Your +1 pair of gloves melds into your body.
Your +0 plate armour melds into your body.
Your roots penetrate the ground.
* * * LOW HITPOINT WARNING * * *
You feel very sick. Edmund hits you but does no damage.
You feel better. Edmund hits you but does no damage.
You feel yourself speed up.
Edmund hits you with a +2 dire flail of venom.
* * * LOW HITPOINT WARNING * * *
You are lethally poisoned!
You closely miss Edmund.
Edmund is heavily wounded.
* * * LOW HITPOINT WARNING * * *
You feel very sick.
Edmund hits you with a +2 dire flail of venom.
* * * LOW HITPOINT WARNING * * *
You are more poisoned.
You hit Edmund but do no damage.
Edmund is heavily wounded.
You die...

#. #. #. #.
#. .#####.###
.........####
###
......@♣....#
<.#
.......#.##.#
..#
########.#
..# #....#
.## #.#### .#
#.# .# # #.#
.##.# #.#
....# #.#


You could see Edmund.

Vanquished Creatures
  A black bear (D:3)
  A kobold brigand (D:3)
  A bullfrog skeleton (D:4)
  4 gnolls (D:3)
  2 adders
  A white imp (D:4)
  3 worms
  3 dart slugs
  3 orcs
  7 ball pythons
  6 bats
  6 endoplasms
  4 giant cockroaches
  5 goblins
  4 hobgoblins
  6 jackals (D:1)
  4 frilled lizards
  9 kobolds
  4 rats
74 creatures vanquished.

Notes
Turn   | Place    | Note
-------+----------+-------------------------------------------
     0 | D:1      | hilljack the Minotaur Fighter began the quest for the Orb.
     0 | D:1      | Reached XP level 1. HP: 19/19 MP: 0/0
   210 | D:1      | Reached XP level 2. HP: 24/27 MP: 1/1
   354 | D:1      | You fall into a shaft and drop 1 floor!
   817 | D:2      | Reached XP level 3. HP: 33/33 MP: 2/2
   826 | D:2      | Reached skill level 1 in Dodging
   950 | D:2      | Reached skill level 4 in Fighting
  1547 | D:3      | Reached XP level 4. HP: 39/40 MP: 3/3
  2004 | D:3      | Noticed a kobold brigand
  2014 | D:3      | Killed a kobold brigand
  2015 | D:3      | Reached XP level 5. HP: 8/47 MP: 4/4
  2325 | D:3      | Noticed a black bear
  2335 | D:3      | Killed a black bear
  2336 | D:3      | Reached skill level 5 in Fighting
  2367 | D:3      | Found a faded altar of an unknown god.
  2423 | D:3      | Reached XP level 6. HP: 56/56 MP: 5/5
  2765 | D:4      | Noticed Edmund
  2778 | D:4      | HP: 3/84 [poisoned by Edmund]
  2782 | D:4      | Succumbed to Edmund's poison

Illustrated notes

Levels and vault maps discovered:
D:1:      dpeg_arrival_prison, layout_basic, minmay_tetromino_t4
D:2:      layout_loops_ring, serial_glass, glass_columns_a, glass_columns_a,
          kennysheep_generic_room_7
D:3:      layout_basic, ebering_ecumenical_altar_sacrificial,
          hangedman_decor_opposing, amcnicky_mini_rare_corridor_liquid,
          grunt_decor_mini_mirrors
D:4:      layout_loops_ring, grunt_temple_overflow_order_and_chaos_1,
          lemuel_doored_altar, grunt_decor_resistance, uniq_grinder,
          uniq_menkaure, uniq_eustachio, uniq_edmund

Skill      XL: |  1  2  3  4  5 |
---------------+----------------+-----
Long Blades    | 3 4 |  4.8
Dodging        | 1 2 |  2.3
Fighting       | 4 5 |  5.2
Armour         | 4 |  4.7
Shields        | 4 |  4.7

Action                   |  1- 3 |  4- 6 || total
-------------------------+-------+-------++-------
Melee: Long sword        |   106 |    93 ||   199
       Headbutt          |    12 |    13 ||    25
Throw: Dart              |       |     2 ||     2
       Throwing net      |       |     1 ||     1
  Use: Scroll            |     5 |     5 ||    10
       Potion            |       |     5 ||     5
Armor: Scale mail        |    13 |       ||    13
       Plate armour      |    69 |    57 ||   126
       Skin              |       |     2 ||     2
Dodge: Dodged            |    19 |    22 ||    41
Block: Kite shield       |    55 |    57 ||   112
       Rpst.: Long sword |     7 |     6 ||    13

Table legend: (Time is in decaauts)
 A = Elapsed time spent in this place.
 B = Non-inter-level travel time spent in this place.
 C = Inter-level travel time spent in this place.
 D = Time resting spent in this place.
 E = Time spent auto-exploring this place.
 F = Levels seen in this place.
 G = Mean time per level.
                   A        B        C        D        E       F      G
               +--------+--------+--------+--------+--------+-----+--------+
         Total |   2885 |   2763 |    122 |    311 |   1938 |   4 |  721.2 |
       Dungeon |   2885 |   2763 |    122 |    311 |   1938 |   4 |  721.2 |
               +--------+--------+--------+--------+--------+-----+--------+

Top non-repeatable levels by time:
     D:3: 1211 daAuts
     D:2: 815 daAuts
     D:1: 715 daAuts
     D:4: 142 daAuts
